 Dungeon Crawl Stone Soup version 0.30-a0-728-gc68057be0a (webtiles) character file.

Game seed: 3440897145024503383

6 jimonade the Shooter (level 1, 0/12 HPs)
             Began as a Deep Elf Hunter on Jan 30, 2023.
             Slain by a bat (1 damage)
             ... on level 1 of the Dungeon.
             The game lasted 00:00:25 (116 turns).

jimonade the Shooter (Deep Elf Hunter)               Turns: 116, Time: 00:00:26

Health: 0/12       AC:  3    Str:  8    XL:     1   Next: 75%
Magic:  3/3        EV: 12    Int: 13    God:
Gold:   35         SH:  0    Dex: 18    Spells: 0/0 levels left

rFire   . . .      SeeInvis .    a - +0 shortbow
rCold   . . .      Faith    .    (shield currently unavailable)
rNeg    . . .      Spirit   .    c - +0 leather armour
rPois   .          Reflect  .    (no helmet)
rElec   .          Harm     .    (no cloak)
rCorr   .          Rampage  .    (no gloves)
Will    .....                    (no boots)
Stlth   ++                       (no amulet)
HPRegen 0.22/turn                (no ring)
MPRegen 0.08/turn                (no ring)

@: no status effects
A: no striking features
a: no special abilities


You were on level 1 of the Dungeon.
You visited 1 branch of the dungeon, and saw 1 of its levels.

You collected 35 gold pieces.

Inventory:

Hand Weapons
 a - a +0 shortbow (weapon)
Armour
 c - a +0 leather armour (worn)
Scrolls
 b - a scroll of immolation
Potions
 d - a potion of might {unknown}


   Skills:
 + Level 1.5 Fighting
 * Level 5.8 Ranged Weapons
 + Level 2.4 Dodging
 + Level 1.2 Stealth


You couldn't memorise any spells.
You didn't know any spells.
Your spell library was empty.

Dungeon Overview and Level Annotations

Branches:
Dungeon (1/15)

Altars:


Message History

The bat closely misses you. The bat hits you but does no damage.
The bat closely misses you.
Fire: a) +0 shortbow
Press: ? - help, Q - select action Shift-Dir - straight line, f - bat
Aim: a bat (50% to hit)
You shoot an arrow. The arrow completely misses the bat.
The bat barely misses you. The bat hits you but does no damage. x2
Fire: a) +0 shortbow
Press: ? - help, Q - select action Shift-Dir - straight line, f/p - bat
Aim: a bat (50% to hit)
Okay, then.
Fire: a) +0 shortbow
Press: ? - help, Q - select action Shift-Dir - straight line, f - bat, p - bat
Aim: a bat (50% to hit)
You shoot an arrow. The arrow misses the bat.
The bat closely misses you. The bat hits you but does no damage.
The bat barely misses you. The bat hits you but does no damage.
Fire: a) +0 shortbow
Press: ? - help, Q - select action Shift-Dir - straight line, f/p - bat
Aim: a bat (50% to hit)
You shoot an arrow. The arrow barely misses the bat.
The bat hits you.
* * * LOW HITPOINT WARNING * * *
The bat completely misses you. The bat closely misses you. The bat misses you.
Fire: a) +0 shortbow
Press: ? - help, Q - select action Shift-Dir - straight line, f/p - bat
Aim: a bat (50% to hit)
You shoot an arrow. The arrow misses the bat.
The bat hits you.
* * * LOW HITPOINT WARNING * * *
The bat closely misses you. The kobold hits you with a +0 dagger.
* * * LOW HITPOINT WARNING * * *
Fire: a) +0 shortbow
Press: ? - help, Q - select action Shift-Dir - straight line, f - kobold, p - bat
Aim: a kobold, wielding a +0 dagger and wearing a +0 ring mail (heavily wounded, 60% to hit)
You shoot an arrow.
The arrow hits the kobold but does no damage.
The kobold is heavily wounded.
The bat hits you.
You die...

#.### #.#..........#
...###.#..#.#.###.#
#..##.#.)#.#.###.## $
#.................. (.b
#..................
#...K##..##.#...####.#.##
#g.gb##.#...# .#.#
#..#K##.#...# .#
.....#@##.#...####.#.#
...###.#b##.#..........#
.. ....#....##....(....#
# #..#....###.#####.###
#........##.##.......
#........##.##.......
#......)..#.##.......
#.##...##.#.......... #.
#...##.####....)..


You could see a hobgoblin, 2 bats and a kobold.

Vanquished Creatures
  An endoplasm (D:1)
  A hobgoblin (D:1)
  3 bats (D:1)
  2 rats (D:1)
7 creatures vanquished.

Notes
Turn   | Place    | Note
-------+----------+-------------------------------------------
     0 | D:1      | jimonade the Deep Elf Hunter began the quest for the Orb.
     0 | D:1      | Reached XP level 1. HP: 12/12 MP: 3/3
   116 | D:1      | Slain by a bat

Illustrated notes

Levels and vault maps discovered:
D:1:      dpeg_arrival_tiny_h, layout_loops_ring, corexii_corridor_pit,
          corexii_item_surrounded_by_moat, minmay_hexomino_c4

Action                     || total
---------------------------++-------
   Fire: Shortbow          ||    26
 Armour: Leather armour    ||    17
  Dodge: Dodged            ||    29

Table legend: (Time is in decaauts)
 A = Elapsed time spent in this place.
 B = Non-inter-level travel time spent in this place.
 C = Inter-level travel time spent in this place.
 D = Time resting spent in this place.
 E = Time spent auto-exploring this place.
 F = Levels seen in this place.
 G = Mean time per level.
                   A        B        C        D        E       F      G
               +--------+--------+--------+--------+--------+-----+--------+
         Total |    122 |    122 |      0 |      0 |     80 |   1 |  122.0 |
       Dungeon |    122 |    122 |      0 |      0 |     80 |   1 |  122.0 |
               +--------+--------+--------+--------+--------+-----+--------+

Top non-repeatable levels by time:
     D:1: 122 daAuts
